 Dungeon Crawl Stone Soup version 0.28-a0-397-g1a7b1a870f (webtiles) character file.

Game seed: 9728799258336110659

4299 Decipherer the Spear-Bearer (level 10, -1/82 HPs)
             Began as a Gnoll Berserker on Sept 4, 2021.
             Was an Elder of Trog.
             Killed from afar by an electric eel (3 damage)
             ... with a bolt of electricity
             ... on level 10 of the Dungeon.
             The game lasted 00:17:23 (10697 turns).

Decipherer the Spear-Bearer (Gnoll Berserker)      Turns: 10697, Time: 00:17:24

Health: -1/82      AC: 17    Str: 21    XL:     10   Next: 32%
Magic:  17/17      EV:  8    Int:  7    God:    Trog [****..]
Gold:   500        SH:  7    Dex: 12    Spells: 19/19 levels left

rFire   + . .      SeeInvis .   I - +2 morningstar
rCold   + . .      Faith    .   N - +2 buckler
rNeg    . . .      Spirit   .   M - +0 plate armour
rPois   +          Reflect  .   s - +0 helmet
rElec   +          Harm     .   B - +0 cloak
rCorr   +          Rampage  .   (no gloves)
Will    +....                   j - +0 pair of boots
Stlth   ..........              (no amulet)
HPRegen 0.23/turn               f - ring of flight
MPRegen 0.15/turn               C - ring of resist corrosion

@: resistant, flying, very slightly contaminated
A: fangs 1, strong nose, distributed training, strong-willed 1, poison
resistance, screaming 1, strong 1
a: Renounce Religion, Berserk, Trog's Hand, Brothers in Arms


You were on level 10 of the Dungeon.
You worshipped Trog.
Trog was greatly pleased with you.
You visited 1 branch of the dungeon, and saw 10 of its levels.
You also visited: Sewer.

You collected 500 gold pieces.

Inventory:

Hand Weapons
 p - a +0 trident
 I - a +2 morningstar (weapon)
 J - the +3 battleaxe "Qaen" {distort, rF+++ rCorr Int-5 Stlth+}
   (You found it on level 7 of the Dungeon)

   It warps and distorts space around it, and may blink, banish, or inflict
   extra damage upon those it strikes.
   Unwielding it can cause banishment or high damage.
   Int:       It affects your intelligence (-5).
   rF:        It renders you almost immune to fire.
   rCorr:     It protects you from acid and corrosion.
   Stlth:     It makes you more stealthy.
Missiles
 b - 103 poisoned darts
 T - a curare-tipped dart
Armour
 a - a +2 scale mail of willpower
 j - a +0 pair of boots (worn)
 s - a +0 helmet (worn)
 B - a +0 cloak (worn)
 L - the +1 robe "Terud" {Str+8 Dex-2 Archmagi}
   (You found it on level 8 of the Dungeon)

   Str:       It affects your strength (+8).
   Dex:       It affects your dexterity (-2).
   Archmagi:  It increases the power of your magical spells.
 M - a +0 plate armour (worn)
 N - a +2 buckler (worn)
Jewellery
 f - a ring of flight (left hand)
 i - a ring of fire
 C - a ring of resist corrosion (right hand)
 D - an amulet of guardian spirit
 O - a ring of see invisible
 R - a ring of protection from fire
Wands
 d - a wand of digging (6)
 A - a wand of polymorph (10)
Scrolls
 k - a scroll of vulnerability
 m - 10 scrolls of identify
 n - a scroll of holy word {unknown}
 u - 5 scrolls of amnesia
 v - 2 scrolls of enchant weapon {unknown}
 y - 2 scrolls of noise
 G - a scroll of silence {unknown}
 H - a scroll of summoning {unknown}
 K - a scroll of fear {unknown}
 S - a scroll of magic mapping {unknown}
Potions
 c - a potion of brilliance
 e - a potion of resistance
 g - a potion of berserk rage {unknown}
 h - 3 potions of might
 r - 3 potions of lignification
 t - 2 potions of flight
 w - 2 potions of mutation
 x - 2 potions of haste {unknown}
 F - a potion of attraction {unknown}
Miscellaneous
 q - a piece from Xom's chessboard (15/15)


   Skills:
 + Level 8.4 Fighting
 + Level 5.1 Short Blades
 + Level 5.1 Long Blades
 + Level 5.1 Axes
 + Level 5.1 Maces & Flails
 + Level 8.4 Polearms
 + Level 5.1 Staves
 + Level 5.1 Slings
 + Level 5.1 Bows
 + Level 5.1 Crossbows
 + Level 5.1 Throwing
 + Level 7.0 Armour
 + Level 7.0 Dodging
 + Level 5.1 Stealth
 + Level 5.1 Shields
 + Level 5.1 Unarmed Combat
 + Level 5.1 Spellcasting
 + Level 4.2 Conjurations
 + Level 4.2 Hexes
 + Level 4.2 Summonings
 + Level 4.2 Necromancy
 + Level 4.2 Translocations
 + Level 4.2 Transmutations
 + Level 4.2 Fire Magic
 + Level 4.2 Ice Magic
 + Level 4.2 Air Magic
 + Level 4.2 Earth Magic
 + Level 4.2 Poison Magic
 + Level 5.6 Invocations
 + Level 5.1 Evocations


You had 19 spell levels left.
You didn't know any spells.
Your spell library contained the following spells:

 Spells                   Type           Power      Damage    Failure   Level
 Blink                    Tloc           N/A        N/A       80%         2
 Static Discharge         Conj/Air       7%         N/A       80%         2
 Lesser Beckoning         Tloc           7%         N/A       95%         3
 Ozocubu's Armour         Ice            7%         N/A       95%         3
 Summon Guardian Golem    Hex/Summ       7%         N/A       95%         3
 Dispel Undead            Necr           7%         3d8       100%        4
 Sticky Flame             Conj/Fire      7%         2d3       100%        4
 Manifold Assault         Tloc           7%         N/A       100%        5
 Metabolic Englaciation   Hex/Ice        3%         N/A       100%        5
 Simulacrum               Ice/Necr       3%         N/A       100%        6
 Orb of Destruction       Conj           3%         9d1       100%        7
 Spellforged Servitor     Conj/Summ      3%         N/A       100%        7


Dungeon Overview and Level Annotations

Branches:
Dungeon (10/15)            Temple (0/1) D:5             Orc (0/2) D:10
  Sewer (visited)
   Lair: D:8-11

Altars:
Ashenzari
Elyvilon
Okawaru
Ru
Sif Muna
Uskayaw
Xom
Yredelemnul
Zin

Shops:
D:1 *


Innate Abilities, Weirdness & Mutations

You have very sharp teeth.
Your uncanny sense of smell can sniff out nearby items.
Your experience applies equally to all skills.
You are strong-willed. (Will+)
Your system is resistant to poisons. (rPois)
You occasionally shout uncontrollably at your foes.
Your muscles are strong. (Str +2)


Message History

The bolt of electricity hits you. You resist.
* * * LOW HITPOINT WARNING * * *
The bolt of electricity misses the electric eel.
You hit the electric eel.
The electric eel is heavily wounded.
The electric eel shoots out a bolt of lightning at you!
The bolt of electricity hits you but does no damage.
You resist. The bolt of electricity hits you. You resist.
* * * LOW HITPOINT WARNING * * *
The bolt of electricity hits the electric eel.
The electric eel completely resists.
You closely miss the electric eel.
You bite the electric eel, but do no damage.
The electric eel is heavily wounded.
The electric eel shoots out a bolt of lightning at you!
The bolt of electricity hits you. You resist.
* * * LOW HITPOINT WARNING * * *
The bolt of electricity hits you. You resist.
* * * LOW HITPOINT WARNING * * *
The bolt of electricity hits the electric eel.
The electric eel completely resists.
You barely miss the electric eel. You bite the electric eel.
The electric eel is heavily wounded.
You flicker back into view.
The electric eel shoots out a bolt of lightning at you!
The bolt of electricity hits you. You resist.
* * * LOW HITPOINT WARNING * * *
The bolt of electricity hits you. You resist.
* * * LOW HITPOINT WARNING * * *
The bolt of electricity hits the electric eel.
The electric eel completely resists.
The electric eel shoots out a bolt of lightning at you!
The bolt of electricity hits you. You resist.
* * * LOW HITPOINT WARNING * * *
The electric eel shoots out a bolt of lightning at you!
The bolt of electricity hits you. You resist.
* * * LOW HITPOINT WARNING * * *
The electric eel shoots out a bolt of lightning at you!
The bolt of electricity hits you. You resist.
You die...

≈≈≈≈≈≈≈≈≈≈≈≈
#≈≈≈≈≈≈≈≈≈≈
#≈≈≈≈≈≈≈≈≈≈
#≈≈≈≈≈≈≈≈≈≈
#≈≈≈≈≈≈≈≈≈≈ ≈≈≈≈≈≈≈≈
#≈≈≈≈≈≈≈≈≈≈≈≈≈≈≈≈≈≈≈
#≈≈≈≈≈≈≈≈≈≈≈≈≈≈≈≈≈≈≈
#≈≈≈≈≈≈≈≈≈≈≈≈≈≈≈≈≈≈≈
#≈≈@≈≈≈≈≈≈≈≈≈≈≈≈≈≈≈≈
#≈≈≈≈≈≈≈≈≈≈≈≈≈≈≈≈≈≈≈
#≈≈≈≈≈≈≈≈≈≈≈≈≈≈≈≈≈≈≈
#≈≈;≈≈≈≈≈≈≈≈≈≈≈≈≈≈≈≈
#≈≈≈≈≈≈≈≈≈≈≈≈≈≈≈≈≈≈≈
#≈≈≈≈≈≈≈≈≈≈≈≈≈≈≈≈≈≈≈
#≈≈≈≈≈≈≈≈≈≈≈≈≈≈≈≈≈≈≈
#≈≈≈≈≈≈≈≈≈≈≈≈≈≈≈≈≈≈≈
#≈≈≈≈≈≈≈≈≈≈≈≈≈≈≈≈≈≈≈


You could see an electric eel.

Vanquished Creatures
  A kobold demonologist (D:9)
  A troll (D:9)
  An acid dragon (D:7)
  Purgy (Sewer)
  A hornet zombie (D:9)
  2 orc warriors (D:8)
  A black bear (D:6)
  An ice beast (D:6)
  A necrophage (D:3)
  4 sky beasts
  An ogre (D:4)
  A centaur (D:6)
  9 kobold brigands (D:9)
  2 gnoll sergeants
  2 bullfrogs (D:8)
  2 water moccasin zombies
  3 scorpions
  6 killer bees (D:9)
  4 wights
  2 electric eels (D:10)
  A bullfrog zombie (D:5)
  3 hounds
  A gnoll shaman (D:6)
  An orc priest (D:9)
  3 jellies
  Ijyb (D:5)
  A bullfrog skeleton (D:5)
  4 iguanas
  2 orc wizards (D:5)
  A killer bee zombie (D:5)
  A hound zombie (D:5)
  A howler monkey zombie (D:9)
  10 gnolls
  15 adders
  2 shadow imps
  A white imp (D:5)
  An ufetubus (D:6)
  An adder skeleton (D:4)
  3 dart slugs
  14 orcs
  10 ball pythons
  7 endoplasms
  4 giant cockroaches
  6 goblins
  9 hobgoblins
  6 quokkas
  7 bats
  6 frilled lizards
  25 kobolds
  6 rats
199 creatures vanquished.

Vanquished Creatures (others)
  A bush (D:10)
  2 fungi (D:10)
  7 plants (D:10)
10 creatures vanquished.

Grand Total: 209 creatures vanquished

Notes
Turn   | Place    | Note
-------+----------+-------------------------------------------
     0 | D:1      | Decipherer the Gnoll Berserker began the quest for the Orb.
     0 | D:1      | Reached XP level 1. HP: 23/23 MP: 1/1
   322 | D:1      | Found Jan Epou's Assorted Antiques.
   335 | D:1      | Reached XP level 2. HP: 28/29 MP: 2/2
   866 | D:1      | Reached XP level 3. HP: 30/35 MP: 3/3
  1557 | D:2      | Reached skill level 1 in Invocations
  1559 | D:2      | Found a glowing silver altar of Zin.
  1759 | D:2      | Reached ** piety under Trog
  1974 | D:2      | Reached skill level 1 in Short Blades
  1974 | D:2      | Reached skill level 1 in Long Blades
  1974 | D:2      | Reached skill level 1 in Axes
  1974 | D:2      | Reached skill level 1 in Maces & Flails
  1974 | D:2      | Reached skill level 1 in Staves
  1974 | D:2      | Reached skill level 1 in Slings
  1974 | D:2      | Reached skill level 1 in Bows
  1974 | D:2      | Reached skill level 1 in Crossbows
  1974 | D:2      | Reached skill level 1 in Throwing
  1974 | D:2      | Reached skill level 1 in Stealth
  1974 | D:2      | Reached skill level 1 in Shields
  1974 | D:2      | Reached skill level 1 in Unarmed Combat
  1974 | D:2      | Reached skill level 1 in Spellcasting
  1974 | D:2      | Reached skill level 1 in Evocations
  2219 | D:3      | Noticed a necrophage
  2233 | D:3      | Killed a necrophage
  2234 | D:3      | Reached skill level 1 in Conjurations
  2234 | D:3      | Reached skill level 1 in Hexes
  2234 | D:3      | Reached skill level 1 in Summonings
  2234 | D:3      | Reached skill level 1 in Necromancy
  2234 | D:3      | Reached skill level 1 in Translocations
  2234 | D:3      | Reached skill level 1 in Transmutations
  2234 | D:3      | Reached skill level 1 in Fire Magic
  2234 | D:3      | Reached skill level 1 in Ice Magic
  2234 | D:3      | Reached skill level 1 in Air Magic
  2234 | D:3      | Reached skill level 1 in Earth Magic
  2234 | D:3      | Reached skill level 1 in Poison Magic
  2234 | D:3      | Reached XP level 4. HP: 24/41 MP: 4/6
  2234 | D:3      | Reached XP level 5. HP: 28/47 MP: 4/7
  2471 | D:3      | Found a glowing drain.
  2476 | Sewer    | Entered a sewer
  2550 | Sewer    | Noticed Purgy
  2571 | Sewer    | Killed Purgy
  2572 | Sewer    | Reached XP level 6. HP: 38/53 MP: 8/8
  2775 | D:3      | Found a shimmering altar of Xom.
  2871 | D:3      | Found a faded altar of an unknown god.
  3253 | D:4      | Reached skill level 5 in Armour
  3253 | D:4      | Reached skill level 5 in Dodging
  3681 | D:4      | Reached XP level 7. HP: 18/59 MP: 10/10
  4128 | D:4      | Reached *** piety under Trog
  4304 | D:5      | Entered Level 5 of the Dungeon
  4363 | D:5      | HP: 3/60 [poisoned by a scorpion]
  4941 | D:5      | Found a sacrificial altar of Ru.
  4951 | D:5      | Found a basalt altar of Yredelemnul.
  4951 | D:5      | Found a white marble altar of Elyvilon.
  4952 | D:5      | Found an iron altar of Okawaru.
  4962 | D:5      | Found a staircase to the Ecumenical Temple.
  4994 | D:5      | Reached XP level 8. HP: 38/67 MP: 12/12
  5380 | D:5      | Noticed Ijyb
  5388 | D:5      | Killed Ijyb
  5539 | D:6      | You are sucked into a shaft and drop 1 floor!
  6178 | D:6      | Reached XP level 9. HP: 49/72 MP: 14/14
  7150 | D:7      | Reached **** piety under Trog
  7262 | D:7      | Identified the +3 battleaxe "Qaen" {distort, rF+++ rCorr
                  | Int-5 Stlth+}
  7527 | D:8      | Identified the +1 robe "Terud" {Str+8 Dex-2 Archmagi}
  8548 | D:9      | Found a shimmering blue altar of Sif Muna.
  8694 | D:9      | Reached skill level 5 in Invocations
  8897 | D:9      | Noticed a troll
  8907 | D:9      | Killed a troll
  9033 | D:9      | Found a broken altar of Ashenzari.
  9130 | D:9      | Found a hide-covered altar of Uskayaw.
  9175 | D:9      | Noticed a kobold demonologist
  9179 | D:9      | Noticed a sun demon
  9653 | D:9      | Reached XP level 10. HP: 80/80 MP: 17/17
  9748 | D:9      | Gained mutation: Your system is resistant to poisons.
                  | (rPois) [potion of mutation]
  9748 | D:9      | Gained mutation: You are strong-willed. (Will+) [potion of
                  | mutation]
  9748 | D:9      | Gained mutation: You occasionally shout uncontrollably at
                  | your foes. [potion of mutation]
  9748 | D:9      | Gained mutation: Your muscles are strong. (Str +2) [potion
                  | of mutation]
  9776 | D:9      | Reached skill level 5 in Short Blades
  9776 | D:9      | Reached skill level 5 in Long Blades
  9776 | D:9      | Reached skill level 5 in Axes
  9776 | D:9      | Reached skill level 5 in Maces & Flails
  9776 | D:9      | Reached skill level 5 in Staves
  9776 | D:9      | Reached skill level 5 in Slings
  9776 | D:9      | Reached skill level 5 in Bows
  9776 | D:9      | Reached skill level 5 in Crossbows
  9776 | D:9      | Reached skill level 5 in Throwing
  9776 | D:9      | Reached skill level 5 in Stealth
  9776 | D:9      | Reached skill level 5 in Shields
  9776 | D:9      | Reached skill level 5 in Unarmed Combat
  9776 | D:9      | Reached skill level 5 in Spellcasting
  9776 | D:9      | Reached skill level 5 in Evocations
 10019 | D:9      | Killed a kobold demonologist
 10441 | D:10     | Entered Level 10 of the Dungeon
 10441 | D:10     | Found a staircase to the Orcish Mines.
 10695 | D:10     | HP: 4/82 [electric eel/bolt of electricity (3)]
 10697 | D:10     | Killed from afar by an electric eel

Illustrated notes

Levels and vault maps discovered:
D:1:      dpeg_arrival_solitude, layout_basic, serial_shops, shop
D:2:      layout_loops_ring, basic_altar, kennysheep_generic_room_14
D:3:      layout_rooms, xom_butterflies, gup_sewer_entry_bowl,
          hellmonk_ecumenical_altar_inner_sanctum, minmay_puff
D:4:      layout_rooms, minmay_snake_closets
D:5:      layout_basic, grunt_temple_overflow_open,
          minmay_temple_entry_statues_pillars, uniq_ijyb
D:6:      layout_rooms, grunt_decor_resistance
D:7:      layout_loops_ring, minmay_checkerbox
D:8:      layout_basic, minmay_diced_spiral
D:9:      layout_roguey [special_room_kobold],
          mainiacjoe_overflow_large_starburst, old_standard_altar
D:10:     layout_basic, minmay_lair_entry_grove, orc_0_dummy, hex_medium

Skill      XL: |  1  2  3  4  5  6  7  8  9 10 |
---------------+-------------------------------+-----
Invocations    | 1 2 3 4 5 |  5.6
Short Blades   | 1 2 3 4 5 |  5.1
Long Blades    | 1 2 3 4 5 |  5.1
Axes           | 1 2 3 4 5 |  5.1
Maces & Flails | 1 2 3 4 5 |  5.1
Staves         | 1 2 3 4 5 |  5.1
Slings         | 1 2 3 4 5 |  5.1
Bows           | 1 2 3 4 5 |  5.1
Crossbows      | 1 2 3 4 5 |  5.1
Throwing       | 1 2 3 4 5 |  5.1
Stealth        | 1 2 3 4 5 |  5.1
Shields        | 1 2 3 4 5 |  5.1
Unarmed Combat | 1 2 3 4 5 |  5.1
Spellcasting   | 1 2 3 4 5 |  5.1
Evocations     | 1 2 3 4 5 |  5.1
Conjurations   | 1 2 3 4 |  4.2
Hexes          | 1 2 3 4 |  4.2
Summonings     | 1 2 3 4 |  4.2
Necromancy     | 1 2 3 4 |  4.2
Translocations | 1 2 3 4 |  4.2
Transmutations | 1 2 3 4 |  4.2
Fire Magic     | 1 2 3 4 |  4.2
Ice Magic      | 1 2 3 4 |  4.2
Air Magic      | 1 2 3 4 |  4.2
Earth Magic    | 1 2 3 4 |  4.2
Poison Magic   | 1 2 3 4 |  4.2
Armour         | 5 6 7 |  7.0
Dodging        | 5 6 7 |  7.0
Fighting       | 7 8 |  8.4
Polearms       | 7 8 |  8.4

Action                   |  1- 3 |  4- 6 |  7- 9 | 10-12 || total
-------------------------+-------+-------+-------+-------++-------
Melee: Spear             |   155 |    75 |       |       ||   230
       Bite              |     8 |    15 |    41 |    18 ||    82
       Punch             |     1 |     2 |     3 |       ||     6
       Trident           |       |    99 |   331 |       ||   430
       Morningstar       |       |       |   147 |   126 ||   273
Invok: Berserk           |       |     1 |     8 |     3 ||    12
  Use: Potion            |       |       |     8 |     6 ||    14
       Scroll            |       |       |     5 |     1 ||     6
 Stab: Sleeping          |     3 |       |       |       ||     3
       Invisible         |       |       |       |     2 ||     2
Armor: Animal skin       |    24 |       |       |       ||    24
       Chain mail        |       |    92 |    99 |       ||   191
       Scale mail        |       |       |   114 |       ||   114
       Plate armour      |       |       |    81 |   121 ||   202
Dodge: Dodged            |    62 |    63 |   255 |    48 ||   428
Block: Buckler           |       |       |    54 |    65 ||   119

Table legend: (Time is in decaauts)
 A = Elapsed time spent in this place.
 B = Non-inter-level travel time spent in this place.
 C = Inter-level travel time spent in this place.
 D = Time resting spent in this place.
 E = Time spent auto-exploring this place.
 F = Levels seen in this place.
 G = Mean time per level.
                   A        B        C        D        E       F      G
               +--------+--------+--------+--------+--------+-----+--------+
         Total |  10788 |  10537 |    251 |      0 |   8274 |  11 |  980.7 |
       Dungeon |  10547 |  10296 |    251 |      0 |   8115 |  10 | 1054.7 |
         Sewer |    240 |    240 |      0 |      0 |    159 |   1 |  240.0 |
               +--------+--------+--------+--------+--------+-----+--------+

Top non-repeatable levels by time:
     D:9: 2026 daAuts
     D:1: 1330 daAuts
     D:5: 1239 daAuts
     D:7: 1097 daAuts
     D:4: 1065 daAuts
     D:8: 1031 daAuts
     D:6: 869 daAuts
     D:3: 852 daAuts
     D:2: 765 daAuts
    D:10: 269 daAuts
   Sewer: 240 daAuts
